 Dungeon Crawl Stone Soup version 0.31-a0-229-g1fc7ce93e2 (webtiles) character file.

Game seed: 15584362924910633655

99 Nietzsche the Sneak (level 4, -2/27 (33) HPs)
             Began as a Vampire Brigand on July 6, 2023.
             Slain by an orc
             ... wielding a +0 war axe
              (8 damage)
             ... on level 3 of the Dungeon.
             The game lasted 00:07:56 (1687 turns).

Nietzsche the Sneak (Vampire Brigand)               Turns: 1687, Time: 00:07:56

HP:   -2/27 (33)    AC:  3    Str: 10    XL:     4   Next: 45%
MP:   4/5           EV: 12    Int: 15    God:
Gold: 108           SH:  0    Dex: 15    Spells: 2/5 levels left

rFire   . . .        a - +2 dagger
rCold   . . .        (no shield)
rNeg    . . .        b - +0 robe
rPois   .            (no helmet)
rElec   .            c - +0 cloak
rCorr   .            (no gloves)
SInv    +            (no boots)
Will    .....        (no amulet)
Stlth   ++++         (no ring)
HPRegen 0.44/turn    (no ring)
MPRegen 0.09/turn

%: no passive effects
@: mighty, healing quickly, heavily drained
A: alive, fangs 3, see invisible, vampiric 2
a: Exsanguinate


You were on level 3 of the Dungeon.
You visited 1 branch of the dungeon, and saw 3 of its levels.

You collected 108 gold pieces.

Inventory:

Hand Weapons
 a - a +2 dagger (weapon)
Missiles
 d - 9 poisoned darts (quivered)
 e - 3 curare-tipped darts
Armour
 b - a +0 robe (worn)
 c - a +0 cloak (worn)
 m - an orb of wrath
Scrolls
 f - 2 scrolls of identify {unknown}
 g - a scroll of amnesia {unknown}
 h - 2 scrolls of poison {unknown}
 k - a scroll of enchant weapon {unknown}
 n - a scroll of silence {unknown}
 o - a scroll of torment {unknown}
Potions
 i - a potion of attraction {unknown}
 j - a potion of heal wounds {unknown}
 l - a potion of degeneration {unknown}


   Skills:
 + Level 1.9 Fighting
 + Level 3.1 Short Blades
 - Level 1.5 Throwing
 + Level 1.6 Dodging
 + Level 7.7 Stealth
 * Level 1.1 Spellcasting


You had 2 spell levels left.
You knew the following spells:

 Your Spells              Type           Power      Damage    Failure   Level
a - Cigotuvi's Dreadful   Necr/Pois/Air  0%         N/A       36%         2
b - Kiss of Death         Conj/Necr      0%         2d5       24%         1

Your spell library contained the following spells:

 Spells                   Type           Power      Damage    Failure   Level
 Confusing Touch          Hex            0%         N/A       58%         3
 Dispel Undead            Necr           0%         3d6       94%         4
 Passage of Golubria      Tloc           0%         N/A       94%         4
 Agony                    Necr           0%         N/A       100%        5
 Summon Forest            Summ/Tloc      0%         N/A       100%        5


Dungeon Overview and Level Annotations

Branches:
Dungeon (3/15)

Altars:


Innate Abilities, Weirdness & Mutations

Your natural rate of healing is accelerated.
You have razor-sharp teeth.
You have supernaturally acute eyesight. (SInv)
You are afflicted with vampirism and can become a bat while bloodless.


Message History

Press: ? - help, Shift-Dir - straight line, f - orc wizard
Aim: an orc wizard, wielding a +0 dagger and wearing a +1 robe of willpower (heavily wounded, 100% to hit)
The negative energy hits the orc wizard.
The orc wizard is drained!
The orc wizard is almost dead.
You feel drained. The orc wizard closely misses you.
You hit the orc wizard but do no damage.
The orc wizard is almost dead.
The orc wizard closely misses you.
You hit the orc wizard.
You kill the orc wizard!
Your Short Blades skill increases to level 3!
You hit the orc.
The orc is heavily wounded.
The orc hits you with a +2 hand axe of flaming.
The orc burns you.
You hit the orc.
You kill the orc!
You hit the orc.
The orc is lightly wounded.
The orc hits you with a +0 war axe!
* * * LOW HITPOINT WARNING * * *
You barely miss the orc.
The orc is lightly wounded.
The orc hits you with a +0 war axe.
* * * LOW HITPOINT WARNING * * *
The orc attacks as you move away! The orc closely misses you.
Found 12 gold pieces.
An orc comes into view. It is wielding a +0 flail.
The orc attacks as you move away! The orc hits you with a +0 war axe.
* * * LOW HITPOINT WARNING * * *
An orc comes into view. It is wielding a +0 short sword.
It was a potion of might.
You feel very mighty all of a sudden.
The orc shouts! x2; You hear a shout! x2
The orc closely misses you.
A giant cockroach comes into view.
The orc attacks as you move away! The orc barely misses you.
The orc attacks as you move away! The orc hits you with a +0 war axe!
You die...

#.....oS####.# #...
#Sooo...# #...
#######.##.#.#
#...########).....#
#...#....S..###.###
.###...#S#####.# .#
..........<.##.# ..
....o....oo....# ##
.....o...@.....#.#.#
.###...#...........#
#...#.......#.#.#
#...##.....#....
#..$ ######......
.... #...##.. #B#
#.## . ##


You could see an adder and 4 orcs.

Vanquished Creatures
  An orc wizard (D:3)
  An adder (D:2)
  A worm (D:2)
  A dart slug (D:2)
  2 orcs
  4 ball pythons
  5 endoplasms
  2 giant cockroaches
  4 goblins
  5 hobgoblins
  6 jackals
  A quokka (D:1)
  9 bats
  2 frilled lizards
  5 kobolds
  5 rats
54 creatures vanquished.

Notes
Turn   | Place    | Note
-------+----------+-------------------------------------------
     0 | D:1      | Nietzsche the Vampire Brigand began the quest for the Orb.
     0 | D:1      | Reached XP level 1. HP: 16/16 MP: 1/1
    34 | D:1      | Reached skill level 6 in Stealth
    86 | D:1      | Reached XP level 2. HP: 22/22 MP: 2/2
   356 | D:1      | Got Fyeghucy's Dissertation on the Undead Map
   483 | D:1      | Reached skill level 7 in Stealth
   616 | D:1      | Gained mutation: You are afflicted with vampirism and can
                  | become a bat while bloodless. [Vampire growth]
   616 | D:1      | Reached XP level 3. HP: 24/27 MP: 3/3
   828 | D:1      | Learned a level 2 spell: Cigotuvi's Dreadful Rot
  1388 | D:2      | Reached skill level 1 in Spellcasting
  1447 | D:2      | Reached XP level 4. HP: 33/33 MP: 5/5
  1640 | D:3      | Learned a level 1 spell: Kiss of Death
  1687 | D:3      | Slain by an orc

Illustrated notes

Levels and vault maps discovered:
D:1:      dpeg_arrival_subterranean_lakeside_camping, layout_basic,
          moated_statue
D:2:      layout_loops_ring
D:3:      layout_loops_cross, zin_purify, serial_shops,
          nicolae_shop_hallway_plus, uniq_sigmund

Skill      XL: |  1  2  3  4 |
---------------+-------------+-----
Stealth        | 6 7 |  7.7
Spellcasting   | 1 |  1.1
Short Blades   | 3 |  3.1
Fighting       | |  1.9
Throwing       | |  1.5
Dodging        | |  1.6

Action                     |  1- 3 |  4- 6 || total
---------------------------+-------+-------++-------
  Melee: Dagger            |   113 |    16 ||   129
         Bite              |     7 |     1 ||     8
         Punch             |     1 |       ||     1
   Cast: Cigotuvi's Dreadf |       |     1 ||     1
         Kiss of Death     |       |     1 ||     1
    Use: Potion            |       |     1 ||     1
   Stab: Sleeping          |    20 |     2 ||    22
 Armour: Robe              |    27 |       ||    27
  Dodge: Dodged            |    65 |     6 ||    71

Table legend: (Time is in decaauts)
 A = Elapsed time spent in this place.
 B = Non-inter-level travel time spent in this place.
 C = Inter-level travel time spent in this place.
 D = Time resting spent in this place.
 E = Time spent auto-exploring this place.
 F = Levels seen in this place.
 G = Mean time per level.
                   A        B        C        D        E       F      G
               +--------+--------+--------+--------+--------+-----+--------+
         Total |   1676 |   1473 |    203 |      0 |   1030 |   3 |  558.7 |
       Dungeon |   1676 |   1473 |    203 |      0 |   1030 |   3 |  558.7 |
               +--------+--------+--------+--------+--------+-----+--------+

Top non-repeatable levels by time:
     D:1: 827 daAuts
     D:2: 797 daAuts
     D:3: 51 daAuts
